AoeStats
← lgdaniel

Arena

508506196Analyzed
3v3 RM · 11d ago on Sep 22, 2026· 53m 43s· 6 players
Game mode
Random Map
Map size
Normal (6 player)
Population
200
Speed
Normal
Resources
Standard
Victory
Conquest
Starting age
Dark Age
Ending age
Imperial Age
RankedLock teamsTeams togetherTeam positionsShared explorationLock speedFull tech treeHidden civsTurbo modeCheats
Victory
Defeat
1061
+14
🇨🇦 Varangians · Canada
1042
+15
🇫🇮 Danes · Finland
1033
+15
🇵🇱 Poles · Poland
1036
-16
🇩🇪 Spanish · Germany
1007
-14
🇪🇸 Persians · Spain
991
-14
Faceless
2:10 Loom
11:14 Feudal Age
17:19 Castle Age
17:31 Double-Bit Axe
18:57 Horse Collar
19:21 Man-at-Arms
20:02 Squires
20:31 Arson
21:37 Man-at-Arms
23:08 Scale Mail Armor
26:16 Chain Mail Armor
27:08 Wheelbarrow
28:24 Pikeman
29:28 Forging
31:26 Hamask
32:16 Heavy Plow
33:08 Hand Cart
34:09 Iron Casting
37:12 Fletching
40:22 Imperial Age
37:45 Town Watch
38:51 Bodkin Arrow
39:20 Masonry
41:09 Scale Barding Armor
40:45 Halberdier
41:57 Plate Mail Armor
42:28 Blast Furnace
41:37 Siege Engineers
42:33 Chemistry
41:17 Heavy Scorpion
42:52 Conscription
42:50 Gold Mining
45:55 Gold Shaft Mining
44:52 Onager
44:59 Northmen's Fury
46:02 Onager
49:23 Capped Ram
50:19 Elite Jomsviking
52:01 Siege Ram
Romain, Conquérant par 3 côté
9:53 Feudal Age
10:52 Man-at-Arms
12:02 Scale Mail Armor
13:44 Forging
14:32 Double-Bit Axe
20:02 Castle Age
19:39 Padded Archer Armor
20:53 Elite Skirmisher
23:13 Loom
24:05 Wheelbarrow
23:15 Town Watch
23:44 Fletching
27:35 Leather Archer Armor
30:30 Thumb Ring
34:14 Imperial Age
32:25 Chain Mail Armor
33:42 Bodkin Arrow
34:25 Iron Casting
33:56 Stone Mining
34:21 Bow Saw
33:53 Horse Collar
34:06 Gold Mining
35:35 Long Swordsman
36:17 Squires
36:03 Arson
36:51 Two-Handed Swordsman
38:41 Gambesons
40:22 Pikeman
41:01 Halberdier
46:29 Chemistry
45:50 Ballistics
49:50 Shield Wall
50:08 Champion
sebas4fr
3:23 Loom
11:41 Feudal Age
15:34 Castle Age
15:30 Double-Bit Axe
15:26 Horse Collar
17:13 Wheelbarrow
22:44 Husbandry
22:54 Bloodlines
25:21 Squires
26:19 Gambesons
27:05 Scale Barding Armor
28:59 Chain Barding Armor
28:49 Forging
29:38 Scale Mail Armor
32:16 Hand Cart
31:48 Town Watch
32:40 Chain Mail Armor
33:00 Iron Casting
35:11 Imperial Age
32:50 Gold Mining
32:50 Stone Mining
34:29 Heavy Plow
34:45 Bow Saw
35:47 Stone Shaft Mining
37:03 Plate Barding Armor
37:28 Blast Furnace
36:53 Conscription
38:02 Crop Rotation
38:33 Two-Man Saw
37:13 Vendel Legacy
38:50 Plate Mail Armor
37:47 Pikeman
38:31 Town Patrol
39:35 Elite Varangian Guard
40:01 Arson
39:38 Halberdier
41:23 Guilds
40:36 Elite Jarl
41:46 Fletching
48:09 Fortified Wall
47:40 Treadmill Crane
48:11 Masonry
52:59 Ballistics
53:10 Architecture
lgdaniel
11:44 Feudal Age
12:19 Loom
12:30 Loom
15:58 Castle Age
14:12 Double-Bit Axe
18:02 Horse Collar
19:20 Gold Mining
21:10 Fletching
23:43 Padded Archer Armor
26:41 Bow Saw
29:01 Ballistics
34:12 Imperial Age
32:25 Heavy Plow
33:04 Wheelbarrow
34:13 Hand Cart
34:22 Scale Mail Armor
39:43 Leather Archer Armor
40:37 Chemistry
39:24 Elite Skirmisher
42:02 Ring Archer Armor
43:54 Scale Barding Armor
44:12 Caravan
44:39 Forging
44:46 Bloodlines
44:36 Town Watch
45:51 Chain Barding Armor
45:35 Husbandry
46:49 Iron Casting
45:35 Cavalier
47:55 Thumb Ring
49:02 Blast Furnace
49:34 Chain Mail Armor
51:56 Plate Mail Armor
kainum
11:24 Feudal Age
15:14 Castle Age
14:31 Double-Bit Axe
14:29 Horse Collar
20:11 Bow Saw
22:46 Loom
23:41 Wheelbarrow
24:13 Gold Mining
25:13 Heavy Plow
25:40 Hand Cart
25:58 Scale Barding Armor
26:04 Forging
26:54 Husbandry
27:37 Bloodlines
29:07 Chain Barding Armor
29:22 Iron Casting
33:59 Imperial Age
33:45 Cavalier
35:25 Plate Barding Armor
35:51 Blast Furnace
36:49 Masonry
37:02 Savar
38:30 Conscription
38:33 Fletching
50:41 Kamandaran
50:12 Light Cavalry
51:51 Thumb Ring
51:54 Bodkin Arrow
52:02 Crossbowman
54:32 Chemistry
53:53 Ballistics
La Khukharacha
6:23 Loom
8:35 Feudal Age
11:10 Horse Collar
11:18 Double-Bit Axe
20:22 Castle Age
22:09 Heavy Plow
22:20 Bow Saw
23:13 Stone Mining
26:35 Wheelbarrow
25:46 Town Watch
26:57 Gold Mining
31:32 Hand Cart
34:00 Imperial Age
32:19 Stone Shaft Mining
32:16 Fletching
33:21 Bodkin Arrow
33:27 Padded Archer Armor
33:32 Scale Barding Armor
32:51 Light Cavalry
33:41 Bloodlines
33:32 Husbandry
36:05 Ballistics
35:26 Treadmill Crane
35:56 Masonry
36:27 Conscription
36:09 Bracer
36:25 Leather Archer Armor
36:30 Chain Barding Armor
36:21 Forging
36:56 Crop Rotation
36:23 Crossbowman
37:09 Thumb Ring
37:38 Lechitic Legacy
37:29 Town Patrol
37:20 Arbalester
38:30 Winged Hussar
40:48 Iron Casting
43:17 Chemistry
42:24 Siege Engineers
43:30 Blast Furnace
47:47 Scale Mail Armor
50:20 Chain Mail Armor
Connection lost

Rejoining the realm…

Still unreachable

The connection could not be restored.

Session expired

The server has moved on; the page needs a fresh start.